 Dungeon Crawl Stone Soup version 0.16.0-12-g7215832 (webtiles) character file.

1869 Fluffy the Carver (level 9, -12/62 (64) HPs)
             Began as a Formicid Fighter on Mar 18, 2015.
             Was a Follower of the Shining One.
             Killed by divine providence
             ... invoked by an orc priest
              (17 damage)
             ... on level 7 of the Dungeon.
             The game lasted 00:19:13 (5700 turns).

Fluffy the Carver (Formicid Fighter)                Turns: 5700, Time: 00:19:13

HP:   -12/62 (64)   AC: 15    Str: 22    XL:     9   Next: 35%
MP:   21/21         EV:  6    Int:  5    God:    the Shining One [*.....]
Gold: 275           SH:  9    Dex: 12    Spells: 0 memorised, 8 levels left

rFire  . . .     SeeInvis +     a - +1 long sword
rCold  . . .     Clarity  .     m - +2 plate armour {rPois}
rNeg   + . .     SustAb   .     c - +0 shield
rPois  +         Gourm    .     (helmet unavailable)
rElec  .         Spirit   .     z - +0 cloak
rCorr  .         Warding  .     (no gloves)
rMut   .         Stasis   +     g - +0 pair of boots (curse)
MR     .....                    (no amulet)
Stlth  ..........               h - ring "Nyuppesm" {+cTele +Blink rPois rN+ Int-3}
                                f - ring of magical power

@: glowing, not resistant to hostile enchantments, extremely unstealthy
A: permanent stasis, dig shafts and tunnels, four strong arms, antennae 3,
repulsion field 1
a: Dig, Shaft Self, Renounce Religion, Evoke Teleport Control


You were on level 7 of the Dungeon.
You worshipped the Shining One.
The Shining One was aware of your devotion.
You were not hungry.

You visited 1 branch of the dungeon, and saw 7 of its levels.

You collected 275 gold pieces.

Inventory:

Hand weapons
 a - a +1 long sword (weapon)
Armour
 c - a +0 shield (worn)
 g - a cursed +0 pair of boots (worn)
 m - a +2 plate armour of poison resistance (worn)
 z - a +0 cloak (worn)
 A - the +2 pair of gloves of Fiujisaydo {+Blink MR- Int+5 Stlth+}
   (You found it on level 5 of the Dungeon)

   It affects your intelligence (+5).
   It affects your resistance to hostile enchantments.
   It lets you blink.
   It makes you more stealthy.
Jewellery
 f - a ring of magical power (left hand)
 h - the ring "Nyuppesm" (right hand) {+cTele +Blink rPois rN+ Int-3}
   (You found it on level 6 of the Dungeon)

   [ring of teleport control]

   It can be evoked for teleport control.
   It affects your intelligence (-3).
   It protects you from poison.
   It protects you from negative energy.
   It lets you blink.
Magical devices
 n - a wand of digging (0)
 y - a wand of flame (48)
Scrolls
 b - 2 scrolls of enchant weapon
 i - a scroll of fear {unknown}
 j - a scroll of enchant armour
 k - a scroll of fog {unknown}
 t - a scroll of recharging
Potions
 e - 2 potions of might
 l - 3 potions of agility
 p - 2 potions of restore abilities
 q - a potion of mutation
 r - a potion of heal wounds
 C - a potion of invisibility {unknown}
Comestibles
 d - 6 bread rations
 u - 4 meat rations


   Skills:
 - Level 3.2 Fighting
 + Level 11.5 Long Blades
 - Level 3.2 Armour
 - Level 3.6 Shields


You had 8 spell levels left.
You didn't know any spells.

Dungeon Overview and Level Annotations

Branches:
Dungeon (7/15)             Temple (0/1) D:6

Altars:
Dithmenos
Elyvilon
Fedhas
Kikubaaqudgha
Nemelex Xobeh
Qazlal
Sif Muna
Trog
Vehumet
Xom
Yredelemnul
Zin
The Shining One


Innate Abilities, Weirdness & Mutations

You are under a permanent stasis effect.
You can dig through walls and to a lower floor.
Your four strong arms can wield two-handed weapons with a shield.
You have a pair of large antennae on your head (SInv).
You are surrounded by a mild repulsion field (EV +2).


Message History

Your shield and plate armour prevent you from hitting the orc priest.
The orc priest is heavily wounded.
You block the orc priest's attack.
The orc priest calls down the wrath of Beogh upon you.
You resist with significant effort.
You hit the orc priest.
The orc priest is severely wounded.
The orc priest mumbles some strange prayers to Beogh.
You feel troubled.
You slash the orc priest!!
You kill the orc priest!
The Shining One accepts your kill.
The orc priest calls down the wrath of Beogh upon you.
Something smites you!
* * * LOW HITPOINT WARNING * * *
You hit the orc priest.
The orc priest is moderately wounded.
The orc priest mumbles some strange prayers to Beogh against you.
Something smites you!
You die...

####......###
#.........#
#####.#......#
.#.#.#+......#####+####.
#<#.#.#.................
.#.#.#.#+######......##
#.#.#.#.. #......##.# .#
#.#.#.# #.......... #
#)#..# #.@....##.. #.#.#
#.)o...# # . #.......+
#.......# #.#.......
#.#....... #.#.#....
#.#.#... ...


You could see an orc priest.

Vanquished Creatures
  2 ice beasts
  3 necrophages (D:6)
  2 ogres (D:6)
  A centaur (D:6)
  Sigmund (D:2)
  A giant frog (D:6)
  A centaur zombie (D:6)
  A jelly (D:5)
  2 centaur skeletons
  A hound (D:4)
  4 orc priests
  7 orc wizards
  A giant frog skeleton (D:4)
  5 worker ants
  Terence (D:2)
  Robin (D:2)
  3 worker ant zombies (D:6)
  7 gnolls
  9 adders
  3 shadow imps (D:5)
  3 worms (D:3)
  2 adder zombies (D:2)
  An orc zombie (D:5)
  An adder skeleton (D:5)
  3 oozes
  15 orcs
  A ball python (D:2)
  3 bat skeletons
  9 giant cockroaches
  20 goblins
  13 hobgoblins
  9 jackals
  2 quokkas
  10 bats
  A giant cockroach zombie (D:6)
  2 giant geckos (D:3)
  A giant gecko skeleton (D:4)
  2 giant newts
  11 kobolds
  A quokka skeleton (D:2)
  11 rats
  A bush (D:6)
178 creatures vanquished.

Vanquished Creatures (others)
  An orc wizard (D:5)
  2 plants (D:6)
3 creatures vanquished.

Grand Total: 181 creatures vanquished

Notes
Turn   | Place    | Note
--------------------------------------------------------------
     0 | D:1      | Fluffy, the Formicid Fighter, began the quest for the Orb.
     0 | D:1      | Reached XP level 1. HP: 18/18 MP: 1/1
   112 | D:1      | Reached XP level 2. HP: 24/24 MP: 3/3
   562 | D:1      | Reached XP level 3. HP: 29/29 MP: 4/4
  1280 | D:2      | Noticed Sigmund
  1362 | D:2      | Reached skill level 4 in Long Blades
  1362 | D:2      | Reached XP level 4. HP: 35/35 MP: 5/5
  1379 | D:2      | Found a shadowy altar of Dithmenos.
  1647 | D:2      | Killed Sigmund
  1647 | D:2      | Reached skill level 5 in Long Blades
  1647 | D:2      | Reached XP level 5. HP: 41/41 MP: 7/7
  1661 | D:2      | Noticed Robin
  1669 | D:2      | Killed Robin
  1883 | D:2      | Noticed Terence
  1897 | D:2      | Killed Terence
  1906 | D:2      | Found a bloodstained altar of Trog.
  2026 | D:3      | Reached XP level 6. HP: 44/47 MP: 8/8
  2078 | D:3      | Found a deep blue altar of Sif Muna.
  2099 | D:3      | Reached skill level 6 in Long Blades
  2510 | D:3      | Found an ancient bone altar of Kikubaaqudgha.
  2512 | D:3      | Found a sparkling altar of Nemelex Xobeh.
  2515 | D:3      | Found a radiant altar of Vehumet.
  2518 | D:3      | Found a basalt altar of Yredelemnul.
  2519 | D:3      | Found a white marble altar of Elyvilon.
  2520 | D:3      | Found a glowing silver altar of Zin.
  2987 | D:3      | Identified Sif Muna's Compendium of Shape Shifting (You found it on level 3 of the Dungeon)
  3033 | D:4      | Reached skill level 7 in Long Blades
  3033 | D:4      | Reached XP level 7. HP: 50/52 MP: 9/9
  3916 | D:5      | Entered Level 5 of the Dungeon
  3975 | D:5      | Found a sparkling altar of Nemelex Xobeh.
  4209 | D:5      | Got a pair of brightly glowing gloves
  4215 | D:5      | Identified the +2 pair of gloves of Fiujisaydo {+Blink MR- Int+5 Stlth+} (You found it on level 5 of the Dungeon)
  4348 | D:5      | Reached skill level 8 in Long Blades
  4558 | D:5      | Gained mutation: You are surrounded by a mild repulsion field (EV +2). [potion of beneficial mutation]
  4644 | D:5      | Reached XP level 8. HP: 53/58 MP: 11/11
  4898 | D:5      | Found a shimmering altar of Xom.
  4910 | D:5      | Found a glowing golden altar of the Shining One.
  4913 | D:5      | Became a worshipper of the Shining One
  4969 | D:6      | Reached skill level 9 in Long Blades
  4979 | D:6      | Found a stormy altar of Qazlal.
  5051 | D:6      | Got a faintly glowing bone ring
  5076 | D:6      | Identified the ring "Nyuppesm" {+cTele +Blink rPois rN+ Int-3} (You found it on level 6 of the Dungeon)
  5304 | D:6      | Reached skill level 10 in Long Blades
  5314 | D:6      | Found a staircase to the Ecumenical Temple.
  5421 | D:6      | Found a blossoming altar of Fedhas.
  5469 | D:6      | Acquired the Shining One's first power
  5469 | D:6      | Reached XP level 9. HP: 57/63 MP: 12/12
  5482 | D:6      | Reached skill level 11 in Long Blades
  5700 | D:7      | Killed from afar by an orc priest

Action                   |  1- 3 |  4- 6 |  7- 9 || total
-------------------------+-------+-------+-------++-------
Melee: Long sword        |    91 |   215 |   309 ||   615
 Abil: Dig               |       |     1 |     1 ||     2
  Use: Scroll            |       |       |    18 ||    18
       Potion            |       |       |     2 ||     2
  Eat: Chunk             |     1 |     6 |     9 ||    16
